 Dungeon Crawl Stone Soup version 0.27-a0-797-g27d10ad80f (webtiles) character file.

Game seed: 9702762441096773454

27 polve the Slasher (level 2, 0/24 HPs)
             Began as a Demonspawn Abyssal Knight on Mar 27, 2021.
             Was a Follower of Lugonu.
             Slain by a jackal (3 damage)
             ... on level 1 of the Dungeon.
             The game lasted 00:00:57 (819 turns).

polve the Slasher (Demonspawn Abyssal Knight)        Turns: 819, Time: 00:00:57

Health: 0/24       AC:  3    Str: 12    XL:     2   Next: 93%
Magic:  3/3        EV: 11    Int: 13    God:    Lugonu [*.....]
Gold:   24         SH:  0    Dex: 12    Spells: 1/1 levels left

rFire    . . .     SeeInvis .   a - +1 falchion
rCold    . . .     Faith    .   (no shield)
rNeg     . . .     Spirit   .   b - +0 leather armour
rPois    .         Reflect  .   (no helmet)
rElec    .         Harm     .   (no cloak)
rCorr    .         Rampage  .   (no gloves)
Will     .....                  (no boots)
Stlth    +.........             (no amulet)
HPRegen  0.08/turn              (no ring)
MPRegen  0.08/turn              (no ring)

@: no status effects
A: demonic guardian 1
a: Renounce Religion, Depart the Abyss


You were on level 1 of the Dungeon.
You worshipped Lugonu.
Lugonu was aware of your devotion.
You visited 1 branch of the dungeon, and saw 1 of its levels.
You visited the Abyss 1 time.

You collected 24 gold pieces.

Inventory:

Hand Weapons
 a - a +1 falchion (weapon)
Armour
 b - a +0 leather armour (worn)
Scrolls
 c - a scroll of noise {unknown}
 e - a scroll of teleportation {unknown}
Potions
 d - a potion of berserk rage {unknown}


   Skills:
 - Level 3.0 Fighting
 + Level 3.1 Long Blades
 - Level 1.7 Armour
 - Level 0.8 Dodging
 - Level 2.4 Invocations


You had one spell level left.
You didn't know any spells.
Your spell library was empty.

Dungeon Overview and Level Annotations

Branches:
Dungeon (1/15)

Altars:


Innate Abilities, Weirdness & Mutations

A weak demonic guardian rushes to your aid.


Message History

The jackal is severely wounded.
The jackal barely misses you. The jackal closely misses you.
The jackal bites you but does no damage.
The jackal bites you.
You hit the jackal but do no damage.
The jackal is severely wounded.
The jackal barely misses you.
You riposte.
You hit the jackal.
The jackal is severely wounded.
The jackal bites you.
A demonic guardian appears!
The jackal barely misses you. The jackal misses you.
The jackal bites you but does no damage.
You hit the jackal.
You kill the jackal!
Lugonu accepts your kill.
The jackal bites you but does no damage.
The jackal closely misses you. The jackal bites you.
Your shadow imp barely misses the jackal.
You hit the jackal but do no damage. The jackal barely misses you.
You riposte.
You hit the jackal.
You kill the jackal!
Lugonu accepts your kill.
The jackal bites you but does no damage. x2
The jackal misses you.
You riposte.
You hit the jackal.
The jackal is almost dead.
Your shadow imp gestures at the jackal.
The jackal writhes in agony.
The jackal dies!
Lugonu accepts your kill.
The jackal bites you but does no damage.
You closely miss the jackal. The jackal closely misses you.
You barely miss the jackal. The jackal bites you.
* * * LOW HITPOINT WARNING * * *
The jackal bites you.
* * * LOW HITPOINT WARNING * * *
You hit the jackal.
The jackal is severely wounded.
The jackal bites you.
* * * LOW HITPOINT WARNING * * *
The jackal bites you.
You die...

###
........#####..##.###.#
........)......##.###.#
.............#.##.....#
#######......#.########
#......#.# ######
#......#.#
.$..).##........>
......†5#####.###
......#@# #.# ..... #h#
.# .... #.# ##. ... #
#.# ... $.# ###


You could see a jackal (ally target) and a friendly shadow imp (summoned).

Vanquished Creatures
  2 ball pythons (D:1)
  An endoplasm (D:1)
  A giant cockroach (D:1)
  2 goblins (D:1)
  8 jackals (D:1)
  3 kobolds (D:1)
  2 bats (D:1)
  2 rats (D:1)
21 creatures vanquished.

Vanquished Creatures (collateral kills)
  A jackal (D:1)
1 creature vanquished.

Grand Total: 22 creatures vanquished

Notes
Turn   | Place    | Note
-------+----------+-------------------------------------------
     0 | Abyss:1  | polve the Demonspawn Abyssal Knight began the quest for the
                  | Orb.
     0 | Abyss:1  | Reached XP level 1. HP: 18/18 MP: 2/2
    21 | Abyss:1  | Found a snail-covered altar of Cheibriados.
   122 | Abyss:1  | Found a snail-covered altar of Cheibriados.
   150 | Abyss:1  | Found a snail-covered altar of Cheibriados.
   233 | Abyss:1  | Noticed an ophan
   236 | D:1      | Escaped the Abyss
   577 | D:1      | Gained mutation: A weak demonic guardian rushes to your
                  | aid. [demonic ancestry]
   577 | D:1      | Reached XP level 2. HP: 20/24 MP: 3/3
   632 | D:1      | Reached * piety under Lugonu
   819 | D:1      | Slain by a jackal

Illustrated notes

Levels and vault maps discovered:
D:1:      amcnicky_arrival_feature_with_door, layout_basic

Skill      XL: |  1  2 |
---------------+-------+-----
Long Blades    | 2 3 |  3.1
Fighting       | |  3.0
Armour         | |  1.7
Dodging        | |  0.8
Invocations    | |  2.4

Action                   || total
-------------------------++-------
Melee: Falchion          ||    53
Invok: Depart the Abyss  ||     1
Armor: Leather armour    ||    15
Dodge: Dodged            ||    44
       Rpst.: Falchion   ||    13

Table legend: (Time is in decaauts)
 A = Elapsed time spent in this place.
 B = Non-inter-level travel time spent in this place.
 C = Inter-level travel time spent in this place.
 D = Time resting spent in this place.
 E = Time spent auto-exploring this place.
 F = Levels seen in this place.
 G = Mean time per level.
                   A        B        C        D        E       F      G
               +--------+--------+--------+--------+--------+-----+--------+
         Total |    830 |    830 |      0 |      0 |    731 |   2 |  415.0 |
       Dungeon |    592 |    592 |      0 |      0 |    498 |   1 |  592.0 |
         Abyss |    238 |    238 |      0 |      0 |    233 |   1 |  238.0 |
               +--------+--------+--------+--------+--------+-----+--------+

Top non-repeatable levels by time:
     D:1: 592 daAuts
 Abyss:1: 238 daAuts
